 Dungeon Crawl Stone Soup version 0.30-a0-920-g7493c07aab (webtiles) character file.

Game seed: 5580062870135614865

7292 GloriousHammer the Fighter (level 11, -7/130 HPs)
             Began as an Ogre Cinder Acolyte on Mar 21, 2023.
             Was a Priest of Ignis.
             Mangled by an eight-headed hydra (10 damage)
             ... on level 9 of the Dungeon.
             The game lasted 00:27:43 (15284 turns).

GloriousHammer the Fighter (Ogre Cinder Acolyte)   Turns: 15284, Time: 00:27:43

Health: -7/130     AC:  6    Str: 20    XL:     11   Next: 13%
Magic:  11/15      EV: 14    Int: 17    God:    Ignis [***...]
Gold:   270        SH:  0    Dex:  6    Spells: 10/16 levels left

rFire   + . .      SeeInvis .    y - +3 giant club
rCold   . . .      Faith    .    (shield currently unavailable)
rNeg    + . .      Spirit   .    K - +2 robe {Will+}
rPois   .          Reflect  .    (helmet restricted)
rElec   .          Rampage  .    n - +0 cloak
rCorr   .                        (gloves unavailable)
Will    ++...                    (boots unavailable)
Stlth   +                        (no amulet)
HPRegen 0.41/turn                E - +5 ring of evasion
MPRegen 0.14/turn                N - ring of positive energy

@: no status effects
A: large, unfitting armour, tough skin 1
a: Renounce Religion, Fiery Armour, Foxfire Swarm, Rising Flame


You were on level 9 of the Dungeon.
You worshipped Ignis.
Ignis was most pleased with you.
You visited 2 branches of the dungeon, and saw 10 of its levels.

You collected 550 gold pieces.
You spent 280 gold pieces at shops.

Inventory:

Hand Weapons
 a - a -1 mace of flaming
 m - a +0 whip
 o - the +10 trident of Tab Abi {drain, Str+3}
   (You found it on level 2 of the Dungeon)

   Str:       It affects your strength (+3).
 w - a +2 heavy mace
 x - a +2 whip of freezing
 y - a +3 giant club (weapon)
 G - a +0 flail
Missiles
 k - 11 poisoned darts (quivered)
 l - 28 stones
 t - 6 boomerangs
 I - a throwing net
Armour
 n - a +0 cloak (worn)
 K - a +2 robe of willpower (worn)
Jewellery
 C - a ring of protection from cold
 E - a +5 ring of evasion (left hand)
 N - a ring of positive energy (right hand)
 P - a ring of poison resistance
 Z - a ring of wizardry
Wands
 q - a wand of flame (23)
 B - a wand of polymorph (21)
 J - a wand of paralysis (6)
Scrolls
 d - a scroll of magic mapping {unknown}
 g - 3 scrolls of amnesia
 i - a scroll of fog {unknown}
 j - a scroll of fear {unknown}
 s - 2 scrolls of immolation
 u - 3 scrolls of teleportation
 A - 3 scrolls of enchant armour
Potions
 b - 2 potions of flight {unknown}
 c - 3 potions of curing
 e - a potion of attraction {unknown}
 f - 2 potions of magic
 h - a potion of ambrosia {unknown}
 p - 2 potions of haste {unknown}
 r - 3 potions of brilliance
 v - a potion of lignification {unknown}
 z - a potion of berserk rage {unknown}
 D - 2 potions of cancellation {unknown}
 F - a potion of resistance {unknown}
 H - a potion of mutation {unknown}


   Skills:
 + Level 14.1 Fighting
 + Level 10.1 Maces & Flails
 + Level 0.6 Throwing
 - Level 3.0 Spellcasting
 + Level 6.4 Translocations
 - Level 3.0 Fire Magic


You had 10 spell levels left.
You knew the following spells:

 Your Spells              Type           Power      Damage    Failure   Level
a - Scorch                Fire           24%        2d6       8%          2
b - Manifold Assault      Tloc           24%        N/A       12%         4

Your spell library contained the following spells:

 Spells                   Type           Power      Damage    Failure   Level
 Freeze                   Ice            8%         1d3       17%         1
 Sandblast                Erth           4%         2d4       17%         1
 Passwall                 Tmut/Erth      1%         N/A       26%         2
 Ignite Poison            Fire/Tmut/Pois 5%         N/A       34%         3
 Frozen Ramparts          Ice            4%         1d1       45%         3
 Hailstorm                Conj/Ice       2%         3d3       45%         3
 Stone Arrow              Conj/Erth      4%         3d7       45%         3
 Sticky Flame             Conj/Fire      7%         2d3       67%         4
 Dispersal                Tloc           12%        N/A       88%         6
 Disjunction              Tloc           12%        N/A       100%        8
 Ignition                 Fire           6%         3d4       100%        8


Dungeon Overview and Level Annotations

Branches:
Dungeon (9/15)             Temple (1/1) D:7
   Lair: D:8-11         Orc: D:9-12

Altars:
Ashenzari
Cheibriados
Dithmenos
Elyvilon
Fedhas
Gozag
Hepliaklqana
Kikubaaqudgha
Makhleb
Nemelex Xobeh
Okawaru
Qazlal
Ru
Sif Muna
Trog
Uskayaw
Vehumet
Wu Jian
Xom
Yredelemnul
Zin
The Shining One

Shops:
D:5 :   D:9 =

Annotations:
D:6 exclusion: 2 downstairs
D:7 exclusion: 2 downstairs


Innate Abilities, Weirdness & Mutations

You are too large for most types of armour.
You have tough skin. (AC +1)


Message History

The wyvern's fire resistance burns away.
The wyvern bites you. The wyvern misses you.
Casting: Scorch (safe; 8% risk of failure)
Confirm with . or Enter, or press ? or * to list all spells.
Flames lash the wyvern.
The wyvern is burned terribly!
The wyvern is heavily wounded.
The wyvern bites you!
You sock the wyvern!
The wyvern is almost dead.
The wyvern barely misses you. The wyvern bites you!
You thump the wyvern!
You kill the wyvern!
You start resting.
Your magical contamination has completely faded away.
You start resting.
Magic restored.
You start resting.
HP restored.
You start waiting.
A gnoll comes into view. It is wielding a +0 spear.
A gnoll is nearby!
A gnoll is nearby!
The gnoll shouts!
Casting: Scorch (safe; 8% risk of failure)
Confirm with . or Enter, or press ? or * to list all spells.
Flames lash the gnoll.
The gnoll is heavily wounded.
The gnoll's fire resistance burns away.
Casting: Scorch (safe; 8% risk of failure)
Confirm with . or Enter, or press ? or * to list all spells.
Flames lash the gnoll.
The gnoll is burned terribly!
You kill the gnoll!
I - a throwing net You see here a +0 spear.
You start resting.
Magic restored.
You start waiting.
Done waiting.
A centaur warrior comes into view.
A centaur warrior is nearby!
A manticore and a centaur come into view.
The centaur shouts!
The eight-headed hydra roars!
The centaur warrior disappears!
The centaur disappears!
The eight-headed hydra disappears!
The manticore disappears!
The manticore moves out of view.
The centaur moves out of view.
There is an open door here.
The wyvern hisses angrily.
The orc warrior shouts!
The orc warrior disappears!
The wyvern disappears!
There is an open door here.
An eight-headed hydra is nearby!
Casting: Scorch (safe; 8% risk of failure)
Confirm with . or Enter, or press ? or * to list all spells.
Flames lash the eight-headed hydra.
The eight-headed hydra is lightly wounded.
The eight-headed hydra's fire resistance burns away.
Casting: Scorch (safe; 8% risk of failure)
Confirm with . or Enter, or press ? or * to list all spells.
Flames lash the eight-headed hydra.
The eight-headed hydra is burned terribly!
The eight-headed hydra is moderately wounded.
You barely miss the eight-headed hydra.
The eight-headed hydra is moderately wounded.
The eight-headed hydra bites you. The eight-headed hydra bites you!
The eight-headed hydra barely misses you.
The eight-headed hydra bites you! The eight-headed hydra bites you. x3
The eight-headed hydra bites you!
You completely miss the eight-headed hydra.
The eight-headed hydra is moderately wounded.
The eight-headed hydra bites you!
The eight-headed hydra bites you but does no damage.
The eight-headed hydra closely misses you.
The eight-headed hydra barely misses you.
The eight-headed hydra closely misses you.
The eight-headed hydra bites you! The eight-headed hydra bites you.
The eight-headed hydra bites you!
Unknown command.
Activating: Foxfire Swarm
Press: ? - help, Dir - look around, f - activate Flames leap up around you!
The eight-headed hydra bites you!
The eight-headed hydra barely misses you.
The eight-headed hydra bites you.
The eight-headed hydra bites you but does no damage. x2
The eight-headed hydra bites you.
* * * LOW HITPOINT WARNING * * *
The eight-headed hydra bites you!
* * * LOW HITPOINT WARNING * * *
The eight-headed hydra bites you.
* * * LOW HITPOINT WARNING * * *
Your foxfire dissipates!
The eight-headed hydra attacks as you move away!
The eight-headed hydra bites you but does no damage.
The eight-headed hydra bites you!
* * * LOW HITPOINT WARNING * * *
The eight-headed hydra misses you.
The eight-headed hydra barely misses you.
The eight-headed hydra bites you!
* * * LOW HITPOINT WARNING * * *
The eight-headed hydra closely misses you.
The eight-headed hydra bites you!
You die...

#.###.#######.# #.# #...##.'.
#...#.#.#.#.#.# #.###.######.
###...#^^^^^#.#######.#........'.
#.#########.....#..)).########.
#.#!+^....'.###..)#.#.# ##.
#.#########...#..##>#^# #..
#...#^^^^^#.#v#o###.#.#######..
##..#.#.#.#.#v#D# #.#......##..
##..#######.#v@v# #.#......##.)
#...........v.vv# #.#..)...##..
#........#.##v### #.#......##..
###.######.#..#.# #.#......'.))
........##.#..... ##.....###)
#...##.###.#..#..# #.....# #.
.#..##.# #.#..#.... #.....# #)
..#..#.# #.#####.### #.....# #.
∩..#...# #.# .# #.....# #.


You could see an eight-headed hydra (combustible, ally target) and an orc
warrior.

Vanquished Creatures
  Erica (D:8)
  A two-headed ogre (D:9)
  Maurice (D:8)
  A hornet (D:8)
  Prince Ribbit (D:7)
  3 wyverns
  7 yaks
  A vampire mosquito (D:6)
  3 steam dragons
  Menkaure (D:6)
  An acid dragon (D:6)
  2 sky beasts
  3 black bears
  4 ice beasts
  2 orc warriors
  An ogre (D:5)
  3 centaurs
  A phantom (D:6)
  2 bullfrogs
  A kobold brigand (D:7)
  A gnoll sergeant (D:9)
  A scorpion (D:6)
  6 wights (D:8)
  7 killer bees
  A howler monkey (D:9)
  4 hounds
  A jelly (D:6)
  A gnoll bouda (D:9)
  5 orc priests
  6 iguanas
  A sleepcap (D:5)
  3 orc wizards
  6 adders
  13 gnolls
  A white imp (D:6)
  An ufetubus (D:6)
  A worm (D:3)
  2 dart slugs
  15 orcs
  10 endoplasms
  2 giant cockroaches
  5 goblins
  3 hobgoblins
  2 jackals (D:5)
  14 kobolds
  4 quokkas
  5 ball pythons
  8 bats
  4 frilled lizards
  8 rats
181 creatures vanquished.

Vanquished Creatures (others)
  22 foxfires (D:8)
22 creatures vanquished.

Grand Total: 203 creatures vanquished

Notes
Turn   | Place    | Note
-------+----------+-------------------------------------------
     0 | D:1      | GloriousHammer the Ogre Cinder Acolyte began the quest for
                  | the Orb.
     0 | D:1      | Reached XP level 1. HP: 24/24 MP: 2/2
   317 | D:1      | Reached XP level 2. HP: 32/32 MP: 2/4
   528 | D:1      | Learned a level 2 spell: Scorch
   832 | D:1      | Reached XP level 3. HP: 40/40 MP: 2/5
  1746 | D:2      | Identified the +10 trident of Tab Abi {drain, Str+3}
  1834 | D:2      | Reached XP level 4. HP: 47/49 MP: 7/7
  2106 | D:2      | Reached skill level 5 in Fighting
  2555 | D:3      | Found a faded altar of an unknown god.
  2938 | D:3      | Reached XP level 5. HP: 57/57 MP: 0/9
  3140 | D:3      | You fall into a shaft and drop 2 floors!
  3140 | D:5      | Entered Level 5 of the Dungeon
  3271 | D:5      | Noticed an ogre
  3280 | D:5      | Killed an ogre
  3321 | D:5      | Reached skill level 6 in Fighting
  3357 | D:5      | Noticed a black bear
  3360 | D:5      | Killed a black bear
  3361 | D:5      | Reached XP level 6. HP: 67/68 MP: 1/10
  3363 | D:5      | Noticed an ice beast
  3364 | D:5      | Noticed an ice beast
  3380 | D:5      | Killed an ice beast
  3381 | D:5      | Reached skill level 7 in Fighting
  3381 | D:5      | Reached XP level 7. HP: 50/78 MP: 6/11
  3387 | D:5      | Reached skill level 5 in Maces & Flails
  3649 | D:5      | Found Dugh's Book Boutique.
  4352 | D:4      | Found a blossoming altar of Fedhas.
  4384 | D:4      | Reached skill level 8 in Fighting
  5145 | D:3      | Learned a level 4 spell: Manifold Assault
  5280 | D:6      | Found a broken altar of Ashenzari.
  5280 | D:6      | Found a glowing silver altar of Zin.
  5283 | D:6      | Found a shadowy altar of Dithmenos.
  5339 | D:6      | Reached XP level 8. HP: 12/89 MP: 8/12
  5339 | D:6      | HP: 2/89 [orc priest/divine providence (11)]
  5786 | D:6      | Reached skill level 9 in Fighting
  6849 | D:6      | Reached skill level 10 in Fighting
  7330 | D:6      | Noticed Menkaure
  8053 | D:6      | Reached XP level 9. HP: 75/102 MP: 13/13
  8120 | D:6      | Killed Menkaure
  8434 | D:7      | Reached skill level 11 in Fighting
  8908 | D:6      | Reached skill level 1 in Translocations
 10265 | D:7      | Noticed Prince Ribbit
 10280 | D:7      | Killed Prince Ribbit
 10866 | D:7      | Found a staircase to the Ecumenical Temple.
 11024 | Temple   | Entered the Ecumenical Temple
 11184 | D:7      | Reached skill level 12 in Fighting
 11526 | D:8      | Noticed Erica
 11914 | D:9      | Noticed a two-headed ogre
 11922 | D:9      | Killed a two-headed ogre
 11923 | D:9      | Reached XP level 10. HP: 99/117 MP: 14/14
 12816 | D:8      | Killed Erica
 12817 | D:8      | Reached skill level 13 in Fighting
 12817 | D:8      | Reached skill level 5 in Translocations
 12907 | D:8      | Noticed Maurice
 12994 | D:8      | Killed Maurice
 13865 | D:9      | Reached XP level 11. HP: 123/128 MP: 7/15
 14290 | D:9      | Reached skill level 10 in Maces & Flails
 14843 | D:9      | Reached skill level 14 in Fighting
 14919 | D:9      | Found Giesur's Jewellery Emporium.
 14930 | D:9      | Bought a ring of poison resistance for 280 gold pieces
 14932 | D:9      | Identified the +5 scale mail of Wivvan {Str+3}
 15260 | D:9      | Noticed a centaur warrior
 15261 | D:9      | Noticed a manticore
 15261 | D:9      | Noticed an eight-headed hydra
 15284 | D:9      | HP: 3/130 [eight-headed hydra (8)]
 15284 | D:9      | Mangled by an eight-headed hydra

Illustrated notes

Levels and vault maps discovered:
D:1:      moated_graveyard_arrival, layout_loops_corners, serial_forest,
          infiniplex_forest_lined_room_, infiniplex_forest_end_double,
          infiniplex_forest_lined_room_, infiniplex_forest_end_2,
          infiniplex_forest_clump_long, infiniplex_forest_lined_2,
          infiniplex_forest_fountain, kennysheep_nondescript,
          minmay_crystal_room
D:2:      layout_rooms
D:3:      layout_rooms, nicolae_ecumenical_pavilion
D:4:      layout_rooms, mainiacjoe_overflow_concentric_impassable,
          grunt_decor_arrowhead, chequers_serial_rivers_large_a
D:5:      layout_rooms, serial_shops, shop
D:6:      layout_loops_ring, grunt_temple_overflow_open, minmay_three_doors,
          uniq_menkaure
D:7:      layout_basic, minmay_temple_entry_antechambers,
          corexii_leaking_fountain, uniq_prince_ribbit1
D:8:      layout_cave_pools, dk_noncrumbling_3, minmay_misc_feat_room,
          uniq_erica, uniq_maurice
D:9:      layout_basic, serial_shops, nicolae_diamond_shop, grunt_tough_drop
Temple:   compressed_dpeg_circular_temple

Skill      XL: |  1  2  3  4  5  6  7  8  9 10 11 |
---------------+----------------------------------+-----
Maces & Flails | 3 4 5 7 8 9 10 | 10.1
Fire Magic     | 3 |  3.0
Spellcasting   | 2 3 |  3.0
Fighting       | 5 6 7 8 10 12 13 14 | 14.1
Translocations | 4 6 |  6.4
Throwing       | |  0.6

Action                     |  1- 3 |  4- 6 |  7- 9 | 10-12 || total
---------------------------+-------+-------+-------+-------++-------
  Melee: Mace              |    31 |       |       |       ||    31
         Flail             |     5 |       |       |       ||     5
         Trident           |    12 |    57 |    90 |       ||   159
         Whip              |     2 |       |       |       ||     2
         Punch             |       |     1 |     1 |       ||     2
         Giant club        |       |       |    41 |   130 ||   171
         Unarmed           |       |       |       |     9 ||     9
  Throw: Stone             |     5 |     4 |    21 |     1 ||    31
         Dart              |       |       |    12 |    16 ||    28
         Boomerang         |       |       |    25 |     4 ||    29
   Cast: Scorch            |     8 |    28 |    65 |    44 ||   145
         Manifold Assault  |       |       |     1 |     1 ||     2
 Invoke: Fiery Armour      |       |       |       |     4 ||     4
         Foxfire Swarm     |       |       |       |     2 ||     2
  Evoke: Wand              |       |       |     9 |       ||     9
    Use: Potion            |       |     1 |     1 |       ||     2
         Scroll            |       |       |    11 |     2 ||    13
   Stab: Distracted        |       |       |       |     1 ||     1
 Armour: Robe              |    17 |    19 |    36 |    45 ||   117
         Steam dragon scal |       |       |       |     7 ||     7
         Skin              |       |       |       |     1 ||     1
  Dodge: Dodged            |    24 |    37 |    88 |    76 ||   225

Table legend: (Time is in decaauts)
 A = Elapsed time spent in this place.
 B = Non-inter-level travel time spent in this place.
 C = Inter-level travel time spent in this place.
 D = Time resting spent in this place.
 E = Time spent auto-exploring this place.
 F = Levels seen in this place.
 G = Mean time per level.
                   A        B        C        D        E       F      G
               +--------+--------+--------+--------+--------+-----+--------+
         Total |  15391 |  14813 |    578 |   8535 |   4252 |  10 | 1539.1 |
       Dungeon |  15260 |  14721 |    539 |   8535 |   4174 |   9 | 1695.6 |
        Temple |    130 |     92 |     38 |      0 |     78 |   1 |  130.0 |
               +--------+--------+--------+--------+--------+-----+--------+

Top non-repeatable levels by time:
     D:6: 4690 daAuts
     D:9: 2236 daAuts
     D:7: 1819 daAuts
     D:1: 1743 daAuts
     D:8: 1221 daAuts
     D:5: 1089 daAuts
     D:4: 901 daAuts
     D:3: 815 daAuts
     D:2: 743 daAuts
  Temple: 130 daAuts
